[ AOE2 MATCH · #474802065 ]
UnrankedHindustanis vs Cumans
[ REPLAY ANALYSIS · EXTRACTED FROM THE RECORDED GAME ]
Feudal
2:57
Castle
6:05
Imperial
10:40
| APM avg | 26.3 |
| APM peak | 79 |
| eAPM avg | 20.9 |
| Villagers / military | 89 / 5 |
Focus
⚔️ 12.2% · 🌾 87.8%
Mangonel ×5
Feudal
—
Castle
—
Imperial
—
| APM avg | 0.0 |
| APM peak | 1 |
| eAPM avg | 0.0 |
| Villagers / military | 0 / 0 |
Feudal
2:32
Castle
8:10
Imperial
11:41
| APM avg | 15.4 |
| APM peak | 40 |
| eAPM avg | 13.0 |
| Villagers / military | 74 / 2 |
Focus
⚔️ 5.5% · 🌾 94.5%
Mangonel ×2
Feudal
—
Castle
—
Imperial
—
| APM avg | 1.1 |
| APM peak | 28 |
| eAPM avg | 1.0 |
| Villagers / military | 3 / 0 |
Focus
⚔️ 0.0% · 🌾 100.0%
Feudal
4:09
Castle
10:24
Imperial
13:35
| APM avg | 23.8 |
| APM peak | 61 |
| eAPM avg | 20.0 |
| Villagers / military | 59 / 1 |
Focus
⚔️ 19.7% · 🌾 80.3%
Unknown (1660) ×45 · Unknown (886) ×6 · Trebuchet (Packed) ×1
Feudal
4:20
Castle
8:18
Imperial
11:20
| APM avg | 39.3 |
| APM peak | 124 |
| eAPM avg | 27.3 |
| Villagers / military | 32 / 31 |
Focus
⚔️ 11.9% · 🌾 88.1%
Organ Gun ×23 · Mangonel ×8
Feudal
2:39
Castle
4:49
Imperial
7:31
| APM avg | 16.5 |
| APM peak | 41 |
| eAPM avg | 15.0 |
| Villagers / military | 60 / 1 |
Focus
⚔️ 4.6% · 🌾 95.4%
Mangonel ×1
Feudal
2:33
Castle
6:38
Imperial
12:40
| APM avg | 28.5 |
| APM peak | 68 |
| eAPM avg | 23.0 |
| Villagers / military | 116 / 255 |
Focus
⚔️ 30.6% · 🌾 69.4%
Kamayuk ×240 · Mangonel ×15
Match map
Initial resources + every placement click. Lines = walls · curves = elevation contours. ◆ gold · ⬟ stone · ● berries · ✦ relic · ◌ wall gap
Your base· ✓ Map-separated
gmc inspector's base· ✓ Map-separated
Skawawa's base· ✓ Map-separated
fxsound's base· ✓ Map-separated
[CSGS]Runescape's base· ✓ Map-separated
Officer i cant breath's base· ✓ Map-separated
oklema's base· ✓ Map-separated
tonkatumura's base· ✓ Map-separated
Smoothed initial terrain · ◌ = detected wall gap · hover for details
Inputs per minute
— kfcman5566 - - gmc inspector
Build order — kfcman5566
First 150 of 214 actions detected
| 0:01 | Create | Villager (Male) |
| 0:01 | Create | Villager (Male) |
| 0:02 | Create | Villager (Male) |
| 0:02 | Create | Villager (Male) |
| 0:07 | Build | House |
| 0:39 | Create | Villager (Male) |
| 0:39 | Create | Villager (Male) |
| 0:40 | Create | Villager (Male) |
| 0:40 | Create | Villager (Male) |
| 0:41 | Create | Villager (Male) |
| 1:15 | Build | Settlement |
| 1:48 | Research | Feudal Age |
| 1:55 | Create | Villager (Male) |
| 1:55 | Create | Villager (Male) |
| 2:45 | Create | Villager (Male) |
| 2:57 | Age | Feudal Age |
| 3:02 | Build | Market |
| 3:11 | Create | Villager (Male) |
| 3:15 | Create | Villager (Male) |
| 3:15 | Create | Villager (Male) |
| 3:16 | Create | Villager (Male) |
| 3:16 | Create | Villager (Male) |
| 3:16 | Create | Villager (Male) |
| 3:23 | Research | Double-Bit Axe |
| 3:48 | Research | Tech 1687 |
| 3:51 | Research | Tech 1688 |
| 4:34 | Build | Blacksmith |
| 4:58 | Research | Castle Age |
| 5:06 | Research | Horse Collar |
| 5:11 | Research | Tech 1624 |
| 5:16 | Research | Tech 1625 |
| 5:25 | Build | Farm |
| 5:29 | Build | Farm |
| 5:33 | Build | Farm |
| 5:37 | Create | Villager (Male) |
| 5:38 | Create | Villager (Male) |
| 5:38 | Create | Villager (Male) |
| 5:38 | Create | Villager (Male) |
| 5:39 | Create | Villager (Male) |
| 6:05 | Age | Castle Age |
| 6:22 | Research | Bow Saw |
| 6:24 | Research | Tech 1691 |
| 6:25 | Research | Tech 1692 |
| 6:29 | Research | Heavy Plow |
| 6:44 | Create | Villager (Male) |
| 6:46 | Create | Villager (Male) |
| 6:46 | Create | Villager (Male) |
| 6:52 | Research | Tech 1622 |
| 6:59 | Research | Wheelbarrow |
| 8:38 | Build | Siege Workshop |
| 8:45 | Build | Monastery |
| 9:16 | Research | Imperial Age |
| 9:28 | Create | Mangonel |
| 9:45 | Build | Settlement |
| 10:01 | Build | Town Center |
| 10:16 | Research | Tech 1623 |
| 10:38 | Create | Villager (Male) |
| 10:38 | Create | Villager (Male) |
| 10:38 | Create | Villager (Male) |
| 10:39 | Create | Villager (Male) |
| 10:39 | Create | Villager (Male) |
| 10:39 | Create | Villager (Male) |
| 10:39 | Create | Villager (Male) |
| 10:40 | Age | Imperial Age |
| 10:40 | Create | Villager (Male) |
| 11:01 | Research | Onager (upgrade) |
| 11:21 | Research | Town Watch |
| 11:23 | Research | Tech 1612 |
| 11:24 | Research | Tech 1613 |
| 11:49 | Create | Mangonel |
| 11:52 | Create | Villager (Male) ×5 |
| 12:26 | Research | Two-Man Saw |
| 12:49 | Create | Mangonel |
| 13:22 | Research | Town Patrol |
| 13:22 | Research | Town Patrol |
| 13:26 | Research | Wheelbarrow |
| 13:26 | Research | Wheelbarrow |
| 13:27 | Research | Tech 1699 |
| 13:27 | Research | Tech 1699 |
| 13:54 | Create | Villager (Male) ×5 |
| 13:54 | Create | Villager (Male) ×5 |
| 13:55 | Create | Villager (Male) ×5 |
| 13:55 | Create | Villager (Male) ×5 |
| 13:55 | Create | Villager (Male) ×5 |
| 14:06 | Build | Settlement |
| 14:20 | Build | Outpost |
| 14:26 | Build | Outpost |
| 14:49 | Build | Settlement |
| 14:52 | Research | Tech 1705 |
| 14:52 | Research | Tech 1705 |
| 15:21 | Build | Outpost |
| 16:27 | Build | Settlement |
| 17:18 | Build | Settlement |
| 17:23 | Research | Tech 1706 |
| 17:25 | Research | Tech 1620 |
| 17:26 | Research | Tech 1621 |
| 17:26 | Research | Tech 1621 |
| 17:37 | Research | Gold Mining |
| 17:37 | Research | Gold Mining |
| 17:38 | Research | Tech 1653 |
| 17:38 | Research | Tech 1653 |
| 17:44 | Build | Farm |
| 17:45 | Build | Farm |
| 17:47 | Build | Farm |
| 17:51 | Build | Farm |
| 17:55 | Build | Farm |
| 17:55 | Build | Farm |
| 17:56 | Build | Farm |
| 17:56 | Build | Farm |
| 17:56 | Build | Farm |
| 17:58 | Build | Farm |
| 18:09 | Build | Farm |
| 19:06 | Build | Castle |
| 19:10 | Research | Gold Shaft Mining |
| 19:11 | Research | Gold Shaft Mining |
| 19:11 | Research | Tech 1654 |
| 19:12 | Research | Tech 1654 |
| 19:12 | Research | Tech 1677 |
| 19:12 | Research | Tech 1677 |
| 19:12 | Research | Tech 1677 |
| 19:13 | Research | Tech 1678 |
| 19:13 | Research | Tech 1678 |
| 19:14 | Research | Tech 1678 |
| 19:15 | Research | Stone Mining |
| 19:16 | Research | Stone Mining |
| 19:16 | Research | Tech 1723 |
| 19:16 | Research | Tech 1723 |
| 19:17 | Research | Tech 1723 |
| 19:17 | Research | Tech 1724 |
| 19:18 | Research | Tech 1724 |
| 19:30 | Build | Farm |
| 19:31 | Build | Farm |
| 19:42 | Research | Stone Shaft Mining |
| 19:42 | Research | Stone Shaft Mining |
| 19:43 | Research | Tech 1727 |
| 19:43 | Research | Tech 1727 |
| 19:43 | Research | Tech 1728 |
| 19:44 | Research | Tech 1728 |
| 19:44 | Research | Tech 1728 |
| 19:50 | Research | Hand Cart |
| 19:51 | Research | Tech 1700 |
| 19:55 | Research | Loom |
| 19:57 | Research | Tech 1628 |
| 19:58 | Research | Tech 1628 |
| 20:03 | Create | Villager (Male) ×5 |
| 20:34 | Build | Farm |
| 21:07 | Research | Grand Trunk Road |
| 21:09 | Research | Conscription |
| 21:12 | Research | Tech 1733 |
| 21:20 | Build | Blacksmith |
Build order — gmc inspector
0 actions detected in the replay
Build order — Skawawa
127 actions detected in the replay
| 0:01 | Create | Villager (Male) |
| 0:07 | Build | Lumber Camp |
| 0:08 | Create | Villager (Male) |
| 0:09 | Create | Villager (Male) |
| 0:09 | Create | Villager (Male) |
| 1:02 | Build | Mill |
| 1:17 | Research | Feudal Age |
| 1:17 | Research | Feudal Age |
| 1:32 | Build | Farm |
| 1:37 | Build | Farm |
| 2:07 | Build | Farm |
| 2:18 | Build | Farm |
| 2:28 | Create | Villager (Male) |
| 2:32 | Age | Feudal Age |
| 2:53 | Create | Villager (Male) |
| 2:53 | Create | Villager (Male) |
| 3:05 | Create | Villager (Male) |
| 3:25 | Create | Villager (Male) |
| 3:29 | Build | Farm |
| 3:29 | Build | Farm |
| 3:29 | Build | Farm |
| 4:03 | Create | Villager (Male) |
| 4:04 | Research | Tech 1625 |
| 4:27 | Research | Tech 1624 |
| 4:39 | Create | Villager (Male) |
| 4:41 | Create | Villager (Male) |
| 4:52 | Research | Double-Bit Axe |
| 4:52 | Research | Double-Bit Axe |
| 5:25 | Build | Blacksmith |
| 5:29 | Create | Villager (Male) |
| 5:32 | Build | Lumber Camp |
| 5:38 | Create | Villager (Male) |
| 6:12 | Create | Villager (Male) |
| 6:25 | Build | Market |
| 6:55 | Build | Blacksmith |
| 7:06 | Research | Castle Age |
| 7:06 | Research | Castle Age |
| 7:35 | Research | Tech 1687 |
| 7:36 | Research | Tech 1688 |
| 8:10 | Age | Castle Age |
| 8:19 | Create | Villager (Male) |
| 8:21 | Create | Villager (Male) |
| 8:33 | Build | Town Center |
| 8:40 | Create | Villager (Male) |
| 8:40 | Create | Villager (Male) |
| 8:51 | Build | Town Center |
| 9:00 | Create | Villager (Male) |
| 9:00 | Create | Villager (Male) |
| 9:01 | Create | Villager (Male) |
| 9:04 | Build | Farm |
| 9:04 | Build | Farm |
| 9:05 | Build | Farm |
| 9:35 | Build | Monastery |
| 9:39 | Create | Villager (Male) |
| 9:40 | Create | Villager (Male) |
| 9:53 | Build | Farm |
| 10:08 | Build | University |
| 10:12 | Create | Villager (Male) |
| 10:12 | Create | Villager (Male) |
| 10:25 | Research | Imperial Age |
| 10:25 | Research | Imperial Age |
| 10:35 | Create | Villager (Male) |
| 10:36 | Create | Villager (Male) |
| 10:44 | Build | Farm |
| 10:59 | Create | Villager (Male) |
| 10:59 | Create | Villager (Male) |
| 11:03 | Build | Farm |
| 11:28 | Build | Siege Workshop |
| 11:29 | Create | Villager (Male) |
| 11:29 | Create | Villager (Male) |
| 11:29 | Create | Villager (Male) |
| 11:41 | Age | Imperial Age |
| 11:45 | Create | Villager (Male) |
| 11:45 | Create | Villager (Male) |
| 12:10 | Build | Market |
| 12:11 | Create | Villager (Male) |
| 12:12 | Create | Villager (Male) |
| 12:15 | Build | Farm |
| 12:32 | Create | Mangonel |
| 12:42 | Create | Villager (Male) |
| 12:42 | Create | Villager (Male) |
| 13:19 | Create | Villager (Male) |
| 13:20 | Create | Villager (Male) |
| 13:23 | Build | Farm |
| 13:23 | Build | Farm |
| 13:25 | Build | Farm |
| 13:31 | Create | Villager (Male) |
| 13:31 | Create | Villager (Male) |
| 13:31 | Create | Villager (Male) |
| 13:44 | Create | Villager (Male) |
| 13:44 | Create | Villager (Male) |
| 14:01 | Create | Villager (Male) |
| 14:15 | Create | Villager (Male) |
| 14:15 | Create | Villager (Male) |
| 14:42 | Research | Onager (upgrade) |
| 14:55 | Create | Villager (Male) |
| 14:55 | Create | Villager (Male) |
| 14:56 | Create | Villager (Male) |
| 14:59 | Build | Farm |
| 15:00 | Build | Farm |
| 15:00 | Build | Farm |
| 15:10 | Create | Villager (Male) |
| 15:10 | Create | Villager (Male) |
| 15:36 | Build | Mill |
| 15:47 | Create | Villager (Male) |
| 15:47 | Create | Villager (Male) |
| 15:51 | Build | Castle |
| 16:06 | Create | Villager (Male) |
| 16:06 | Create | Villager (Male) |
| 16:43 | Create | Villager (Male) |
| 16:47 | Create | Villager (Male) |
| 16:47 | Create | Villager (Male) |
| 16:53 | Create | Villager (Male) |
| 16:54 | Create | Villager (Male) |
| 16:54 | Create | Villager (Male) |
| 17:16 | Create | Villager (Male) |
| 17:16 | Create | Villager (Male) |
| 17:16 | Create | Villager (Male) |
| 17:25 | Create | Villager (Male) |
| 18:00 | Create | Villager (Male) |
| 18:00 | Create | Villager (Male) |
| 18:00 | Create | Villager (Male) |
| 18:21 | Create | Villager (Male) |
| 18:21 | Create | Villager (Male) |
| 18:22 | Create | Villager (Male) |
| 18:26 | Create | Mangonel |
| 18:38 | Build | Lumber Camp |
Build order — fxsound
4 actions detected in the replay
| 0:08 | Build | House |
| 0:09 | Create | Villager (Male) |
| 0:13 | Create | Villager (Male) |
| 0:17 | Create | Villager (Male) |
Build order — [CSGS]Runescape
First 150 of 164 actions detected
| 0:03 | Create | Villager (Male) |
| 0:04 | Create | Villager (Male) |
| 0:10 | Build | Mill |
| 0:14 | Create | Villager (Male) |
| 0:15 | Create | Villager (Male) |
| 1:05 | Build | Farm |
| 1:25 | Build | Farm |
| 1:59 | Create | Villager (Male) |
| 2:07 | Build | Farm |
| 2:19 | Build | Lumber Camp |
| 2:28 | Create | Villager (Male) |
| 2:52 | Create | Villager (Male) |
| 3:05 | Build | Farm |
| 3:12 | Research | Feudal Age |
| 3:19 | Create | Villager (Male) |
| 4:09 | Age | Feudal Age |
| 4:12 | Build | Market |
| 4:22 | Research | Double-Bit Axe |
| 4:24 | Research | Tech 1687 |
| 4:33 | Create | Villager (Male) |
| 4:40 | Build | Farm |
| 5:02 | Build | Farm |
| 5:05 | Create | Villager (Male) |
| 5:06 | Create | Villager (Male) |
| 5:21 | Build | Farm |
| 5:29 | Build | Farm |
| 5:52 | Create | Villager (Male) |
| 5:55 | Research | Tech 1688 |
| 6:21 | Create | Villager (Male) |
| 6:21 | Create | Villager (Male) |
| 7:00 | Create | Villager (Male) |
| 7:27 | Create | Villager (Male) |
| 7:34 | Build | Farm |
| 7:51 | Create | Villager (Male) |
| 7:59 | Research | Wheelbarrow |
| 8:01 | Create | Villager (Male) |
| 8:43 | Create | Villager (Male) |
| 8:45 | Build | Farm |
| 9:06 | Build | Blacksmith |
| 9:20 | Research | Castle Age |
| 10:01 | Build | Farm |
| 10:24 | Age | Castle Age |
| 10:27 | Create | Villager (Male) |
| 10:30 | Research | Bow Saw |
| 10:30 | Research | Bow Saw |
| 10:31 | Research | Tech 1691 |
| 10:32 | Research | Tech 1692 |
| 10:49 | Build | Farm |
| 11:05 | Create | Villager (Male) |
| 11:19 | Build | Castle |
| 11:26 | Create | Villager (Male) |
| 11:26 | Create | Villager (Male) |
| 11:34 | Build | Town Center |
| 11:38 | Create | Villager (Male) |
| 11:39 | Create | Villager (Male) |
| 11:39 | Create | Villager (Male) |
| 12:02 | Research | Imperial Age |
| 12:23 | Build | Market |
| 12:30 | Build | Town Center |
| 12:36 | Create | Villager (Male) |
| 12:36 | Create | Villager (Male) |
| 12:36 | Create | Villager (Male) |
| 12:37 | Create | Villager (Male) |
| 12:39 | Create | Villager (Male) |
| 12:39 | Create | Villager (Male) |
| 12:41 | Research | Hand Cart |
| 12:41 | Research | Tech 1699 |
| 12:43 | Research | Tech 1700 |
| 12:46 | Create | Villager (Male) |
| 12:46 | Create | Villager (Male) |
| 13:04 | Build | Lumber Camp |
| 13:35 | Age | Imperial Age |
| 13:39 | Create | Villager (Male) ×5 |
| 13:44 | Build | Market |
| 13:46 | Build | Lumber Camp |
| 13:49 | Research | Two-Man Saw |
| 13:49 | Research | Tech 1705 |
| 13:50 | Research | Tech 1706 |
| 13:53 | Create | Trebuchet (Packed) |
| 14:03 | Research | Guilds |
| 14:34 | Build | Town Center |
| 14:50 | Research | Two-Man Saw |
| 15:35 | Create | Villager (Male) ×5 |
| 15:46 | Build | Town Center |
| 15:49 | Research | Tech 1706 |
| 15:52 | Create | Villager (Male) |
| 15:53 | Create | Villager (Male) |
| 15:57 | Build | Town Center |
| 16:14 | Build | Lumber Camp |
| 16:39 | Create | Villager (Male) ×5 |
| 16:39 | Create | Villager (Male) ×5 |
| 16:43 | Build | Town Center |
| 17:07 | Research | Marauders |
| 17:14 | Build | Lumber Camp |
| 17:47 | Build | Lumber Camp |
| 18:00 | Research | Tech 2 |
| 18:16 | Build | Lumber Camp |
| 18:18 | Build | Lumber Camp |
| 18:23 | Build | Farm |
| 18:24 | Build | Farm |
| 18:26 | Build | Farm |
| 18:27 | Build | Farm |
| 18:29 | Build | Farm |
| 18:39 | Create | Villager (Male) ×3 |
| 18:45 | Build | Farm |
| 18:47 | Build | Farm |
| 18:48 | Build | Farm |
| 18:50 | Build | Farm |
| 19:13 | Build | Mill |
| 19:30 | Build | Barracks |
| 19:32 | Build | Lumber Camp |
| 19:35 | Build | Lumber Camp |
| 19:39 | Build | Blacksmith |
| 19:41 | Build | Blacksmith |
| 19:47 | Research | Conscription |
| 20:08 | Build | Stable |
| 20:14 | Build | Lumber Camp |
| 20:40 | Research | Husbandry |
| 20:41 | Research | Tech 1634 |
| 20:41 | Research | Tech 1634 |
| 20:41 | Research | Tech 1635 |
| 20:42 | Research | Bloodlines |
| 20:42 | Research | Bloodlines |
| 21:01 | Build | Mining Camp |
| 21:17 | Build | Lumber Camp |
| 22:00 | Build | Donjon |
| 22:01 | Build | Donjon |
| 22:04 | Build | Donjon |
| 22:07 | Build | Donjon |
| 22:10 | Research | Scale Mail Armor |
| 22:10 | Research | Scale Mail Armor |
| 22:10 | Research | Tech 1663 |
| 22:11 | Research | Forging |
| 22:11 | Research | Tech 1661 |
| 22:12 | Research | Tech 1662 |
| 22:13 | Research | Tech 1664 |
| 22:33 | Research | Chain Mail Armor |
| 22:34 | Research | Tech 1667 |
| 22:34 | Research | Tech 1668 |
| 22:44 | Research | Tech 1749 |
| 22:44 | Research | Tech 1750 |
| 22:55 | Research | Iron Casting |
| 22:56 | Research | Tech 1869 |
| 22:56 | Research | Tech 1870 |
| 23:01 | Build | Barracks |
| 23:05 | Build | Blacksmith |
| 23:08 | Build | Blacksmith |
| 23:10 | Build | Lumber Camp |
| 23:16 | Create | Unit 1660 ×5 |
| 23:16 | Create | Unit 1660 ×5 |
Build order — Officer i cant breath
First 150 of 173 actions detected
| 0:03 | Build | Settlement |
| 0:05 | Create | Villager (Male) |
| 0:06 | Create | Villager (Male) |
| 0:06 | Create | Villager (Male) |
| 0:07 | Create | Villager (Male) |
| 0:07 | Create | Villager (Male) |
| 0:08 | Create | Villager (Male) |
| 0:09 | Create | Villager (Male) |
| 0:09 | Create | Villager (Male) |
| 0:54 | Create | Villager (Male) |
| 0:55 | Create | Villager (Male) |
| 0:55 | Create | Villager (Male) |
| 0:56 | Create | Villager (Male) |
| 0:56 | Create | Villager (Male) |
| 0:57 | Create | Villager (Male) |
| 0:57 | Create | Villager (Male) |
| 0:57 | Create | Villager (Male) |
| 0:58 | Create | Villager (Male) |
| 1:08 | Build | Farm |
| 1:21 | Build | Farm |
| 1:28 | Build | Farm |
| 1:30 | Build | Farm |
| 1:54 | Create | Villager (Male) |
| 1:54 | Create | Villager (Male) |
| 2:54 | Build | Farm |
| 2:55 | Build | Farm |
| 3:00 | Build | Farm |
| 3:28 | Research | Feudal Age |
| 4:20 | Age | Feudal Age |
| 4:21 | Create | Villager (Male) |
| 4:21 | Create | Villager (Male) |
| 4:23 | Create | Villager (Male) |
| 5:02 | Create | Villager (Male) |
| 5:37 | Create | Villager (Male) |
| 5:37 | Create | Villager (Male) |
| 5:38 | Create | Villager (Male) |
| 6:02 | Create | Villager (Male) |
| 6:02 | Create | Villager (Male) |
| 6:24 | Build | Market |
| 6:37 | Build | Blacksmith |
| 7:01 | Research | Castle Age |
| 8:18 | Age | Castle Age |
| 8:25 | Create | Villager (Male) |
| 8:25 | Create | Villager (Male) |
| 8:26 | Create | Villager (Male) |
| 8:26 | Create | Villager (Male) |
| 9:14 | Build | Siege Workshop |
| 9:47 | Build | Monastery |
| 10:03 | Research | Imperial Age |
| 11:20 | Age | Imperial Age |
| 11:35 | Build | Feitoria |
| 11:50 | Build | Settlement |
| 12:00 | Build | Siege Workshop |
| 12:18 | Create | Mangonel |
| 12:19 | Create | Mangonel |
| 12:38 | Research | Onager (upgrade) |
| 12:39 | Create | Mangonel |
| 12:40 | Create | Mangonel |
| 12:40 | Create | Mangonel |
| 13:00 | Build | Town Center |
| 13:39 | Build | House |
| 13:40 | Build | House |
| 13:47 | Create | Mangonel |
| 13:47 | Create | Mangonel |
| 13:47 | Create | Mangonel |
| 13:53 | Build | Feitoria |
| 14:36 | Build | Castle |
| 15:59 | Build | Castle |
| 16:42 | Research | Tech 1404 |
| 16:44 | Research | Arquebus |
| 16:44 | Research | Arquebus |
| 16:45 | Research | Conscription |
| 16:45 | Research | Tech 1733 |
| 16:46 | Research | Tech 1733 |
| 16:46 | Research | Tech 1734 |
| 17:01 | Build | University |
| 17:11 | Build | Blacksmith |
| 17:23 | Build | Blacksmith |
| 17:26 | Research | Ballistics |
| 17:29 | Research | Chemistry |
| 17:30 | Research | Tech 1640 |
| 17:30 | Research | Tech 1640 |
| 17:30 | Research | Tech 1641 |
| 17:31 | Research | Masonry |
| 17:31 | Research | Treadmill Crane |
| 17:31 | Research | Tech 1646 |
| 17:32 | Research | Tech 1651 |
| 17:32 | Research | Tech 1647 |
| 17:32 | Research | Tech 1652 |
| 17:33 | Research | Siege Engineers |
| 17:33 | Research | Murder Holes |
| 17:34 | Research | Fortified Wall (upgrade) |
| 17:35 | Research | Tech 1812 |
| 17:40 | Research | Forging |
| 17:40 | Research | Scale Mail Armor |
| 17:41 | Research | Tech 1661 |
| 17:41 | Research | Tech 1663 |
| 17:41 | Research | Tech 1662 |
| 17:41 | Research | Tech 1664 |
| 17:49 | Build | Settlement |
| 18:58 | Research | Iron Casting |
| 18:58 | Research | Tech 1869 |
| 18:59 | Research | Fletching |
| 18:59 | Research | Tech 1870 |
| 18:59 | Research | Fletching |
| 18:59 | Research | Chain Mail Armor |
| 18:59 | Research | Tech 1681 |
| 18:59 | Research | Tech 1682 |
| 19:00 | Research | Tech 1667 |
| 19:00 | Research | Padded Archer Armor |
| 19:00 | Research | Tech 1668 |
| 19:00 | Research | Padded Archer Armor |
| 19:01 | Research | Tech 1695 |
| 19:01 | Research | Tech 1696 |
| 19:01 | Research | Tech 1696 |
| 19:19 | Build | Castle |
| 19:20 | Build | Castle |
| 19:21 | Build | Castle |
| 19:28 | Research | Gold Mining |
| 19:29 | Research | Double-Bit Axe |
| 19:30 | Research | Tech 1687 |
| 19:30 | Research | Tech 1687 |
| 19:30 | Research | Tech 1688 |
| 19:31 | Research | Tech 1653 |
| 19:31 | Research | Tech 1653 |
| 19:33 | Research | Stone Mining |
| 19:33 | Research | Stone Mining |
| 19:33 | Research | Tech 1723 |
| 19:34 | Research | Tech 1654 |
| 19:35 | Research | Bow Saw |
| 19:35 | Research | Tech 1691 |
| 19:36 | Research | Tech 1692 |
| 19:37 | Research | Horse Collar |
| 19:38 | Research | Tech 1624 |
| 19:38 | Research | Tech 1625 |
| 19:38 | Research | Tech 1625 |
| 19:40 | Research | Stone Shaft Mining |
| 19:40 | Research | Tech 1724 |
| 19:41 | Research | Tech 1677 |
| 19:41 | Research | Tech 1678 |
| 19:43 | Research | Tech 1727 |
| 19:43 | Research | Tech 1728 |
| 19:47 | Research | Tech 1743 |
| 19:47 | Research | Architecture |
| 19:51 | Research | Architecture |
| 20:06 | Build | Market |
| 20:14 | Build | Settlement |
| 20:27 | Research | Elite Organ Gun (upgrade) |
| 20:28 | Research | Tech 1745 |
| 20:28 | Research | Tech 1746 |
Build order — oklema
First 150 of 160 actions detected
| 0:01 | Create | Villager (Male) ×4 |
| 0:41 | Build | Lumber Camp |
| 1:25 | Build | Mill |
| 1:45 | Build | Farm |
| 1:47 | Research | Feudal Age |
| 1:53 | Build | Farm |
| 2:25 | Research | Loom |
| 2:31 | Create | Villager (Male) |
| 2:39 | Age | Feudal Age |
| 2:41 | Build | Market |
| 3:04 | Build | Blacksmith |
| 3:20 | Create | Villager (Male) |
| 3:28 | Research | Castle Age |
| 3:37 | Create | Villager (Male) |
| 3:48 | Build | Farm |
| 4:25 | Research | Double-Bit Axe |
| 4:42 | Research | Tech 1687 |
| 4:49 | Age | Castle Age |
| 4:54 | Create | Villager (Male) |
| 5:08 | Build | Lumber Camp |
| 5:15 | Build | Siege Workshop |
| 5:51 | Build | Monastery |
| 6:06 | Research | Bow Saw |
| 6:15 | Research | Imperial Age |
| 6:50 | Create | Mangonel |
| 6:58 | Build | Farm |
| 7:03 | Build | Farm |
| 7:10 | Research | Tech 1688 |
| 7:17 | Create | Villager (Male) |
| 7:17 | Create | Villager (Male) |
| 7:31 | Age | Imperial Age |
| 8:07 | Create | Villager (Male) |
| 8:12 | Build | Lumber Camp |
| 8:19 | Build | Farm |
| 9:51 | Build | Lumber Camp |
| 9:59 | Build | Farm |
| 10:25 | Research | Onager (upgrade) |
| 10:38 | Research | Town Watch |
| 10:43 | Create | Villager (Male) |
| 11:34 | Create | Villager (Male) |
| 11:35 | Create | Villager (Male) |
| 12:15 | Research | Town Patrol |
| 12:17 | Research | Tech 1612 |
| 12:41 | Build | Town Center |
| 12:48 | Create | Villager (Male) |
| 12:49 | Create | Villager (Male) |
| 12:49 | Create | Villager (Male) |
| 13:05 | Build | Lumber Camp |
| 13:12 | Build | Farm |
| 13:20 | Build | Farm |
| 13:25 | Build | Farm |
| 13:47 | Build | Farm |
| 13:50 | Build | Farm |
| 13:53 | Build | Farm |
| 14:02 | Create | Villager (Male) |
| 14:02 | Create | Villager (Male) |
| 14:02 | Create | Villager (Male) |
| 14:03 | Create | Villager (Male) |
| 14:03 | Create | Villager (Male) |
| 14:04 | Create | Villager (Male) |
| 14:04 | Create | Villager (Male) |
| 14:05 | Create | Villager (Male) |
| 14:05 | Create | Villager (Male) |
| 14:05 | Create | Villager (Male) |
| 14:06 | Research | Tech 1628 |
| 14:09 | Research | Tech 1613 |
| 14:20 | Build | Farm |
| 14:29 | Create | Villager (Male) |
| 14:29 | Create | Villager (Male) |
| 14:29 | Create | Villager (Male) |
| 14:41 | Research | Tech 1691 |
| 15:25 | Build | Lumber Camp |
| 15:33 | Build | Farm |
| 15:36 | Build | Farm |
| 15:40 | Build | Farm |
| 15:44 | Build | Farm |
| 15:47 | Build | Farm |
| 15:55 | Research | Wheelbarrow |
| 15:55 | Create | Villager (Male) |
| 15:58 | Research | Tech 1699 |
| 15:58 | Create | Villager (Male) |
| 16:00 | Research | Tech 1700 |
| 16:01 | Create | Villager (Male) |
| 17:06 | Create | Villager (Male) |
| 17:07 | Create | Villager (Male) |
| 17:07 | Create | Villager (Male) |
| 17:14 | Research | Tech 1692 |
| 17:16 | Research | Tech 1705 |
| 17:17 | Research | Tech 1706 |
| 17:25 | Create | Villager (Male) |
| 17:25 | Create | Villager (Male) |
| 17:26 | Create | Villager (Male) |
| 17:26 | Create | Villager (Male) |
| 17:27 | Create | Villager (Male) |
| 17:27 | Create | Villager (Male) |
| 17:48 | Build | Mill |
| 17:50 | Build | Farm |
| 17:56 | Build | Farm |
| 18:01 | Build | Farm |
| 18:31 | Build | Mining Camp |
| 18:43 | Research | Stone Mining |
| 18:44 | Research | Tech 1723 |
| 18:44 | Research | Tech 1724 |
| 19:20 | Build | Castle |
| 19:41 | Create | Villager (Male) |
| 19:41 | Create | Villager (Male) |
| 19:41 | Create | Villager (Male) |
| 19:42 | Create | Villager (Male) |
| 19:42 | Create | Villager (Male) |
| 19:42 | Create | Villager (Male) |
| 19:43 | Create | Villager (Male) |
| 19:43 | Create | Villager (Male) |
| 20:03 | Research | First Crusade |
| 20:05 | Research | Tech 1846 |
| 20:17 | Research | Hand Cart |
| 20:34 | Build | Farm |
| 20:36 | Build | Farm |
| 20:39 | Build | Blacksmith |
| 20:47 | Build | Lumber Camp |
| 20:51 | Research | Stone Shaft Mining |
| 21:02 | Research | Tech 1847 |
| 21:16 | Build | Donjon |
| 21:41 | Research | Fletching |
| 21:42 | Research | Forging |
| 21:42 | Research | Scale Mail Armor |
| 21:44 | Research | Tech 1681 |
| 21:44 | Research | Tech 1661 |
| 21:44 | Research | Tech 1663 |
| 21:45 | Research | Tech 1682 |
| 21:45 | Research | Tech 1662 |
| 21:45 | Research | Tech 1664 |
| 21:52 | Build | Farm |
| 21:56 | Create | Villager (Male) |
| 21:56 | Create | Villager (Male) |
| 21:57 | Create | Villager (Male) |
| 21:57 | Create | Villager (Male) |
| 21:57 | Create | Villager (Male) |
| 22:26 | Build | Farm |
| 22:29 | Build | Farm |
| 22:31 | Build | Farm |
| 22:51 | Build | Farm |
| 22:56 | Build | Farm |
| 23:11 | Research | Iron Casting |
| 23:11 | Research | Chain Mail Armor |
| 23:12 | Research | Bodkin Arrow |
| 23:12 | Research | Tech 1869 |
| 23:12 | Research | Tech 1667 |
| 23:13 | Research | Tech 1683 |
| 23:14 | Research | Tech 1870 |
| 23:14 | Research | Tech 1668 |
Build order — tonkatumura
First 150 of 267 actions detected
| 0:02 | Create | Villager (Male) |
| 0:02 | Create | Villager (Male) |
| 0:02 | Create | Villager (Male) |
| 0:06 | Build | Settlement |
| 0:12 | Create | Villager (Male) |
| 0:13 | Create | Villager (Male) |
| 0:13 | Create | Villager (Male) |
| 0:51 | Create | Villager (Male) |
| 1:32 | Research | Feudal Age |
| 2:33 | Age | Feudal Age |
| 2:33 | Create | Villager (Male) |
| 2:34 | Create | Villager (Male) |
| 2:34 | Create | Villager (Male) |
| 2:35 | Create | Villager (Male) |
| 2:37 | Research | Double-Bit Axe |
| 2:38 | Research | Tech 1687 |
| 2:39 | Research | Tech 1688 |
| 2:45 | Research | Wheelbarrow |
| 2:57 | Create | Villager (Male) |
| 2:57 | Create | Villager (Male) |
| 2:58 | Create | Villager (Male) |
| 3:00 | Create | Villager (Male) |
| 3:00 | Create | Villager (Male) |
| 3:01 | Create | Villager (Male) |
| 3:34 | Build | Market |
| 4:44 | Build | Blacksmith |
| 5:13 | Research | Castle Age |
| 6:16 | Build | Settlement |
| 6:38 | Age | Castle Age |
| 6:40 | Research | Bow Saw |
| 6:41 | Research | Tech 1691 |
| 6:42 | Research | Tech 1692 |
| 6:44 | Research | Hand Cart |
| 6:46 | Create | Villager (Male) ×5 |
| 6:46 | Create | Villager (Male) ×5 |
| 6:52 | Build | Town Center |
| 7:19 | Create | Villager (Male) ×5 |
| 7:19 | Create | Villager (Male) ×5 |
| 7:19 | Create | Villager (Male) ×5 |
| 7:20 | Create | Villager (Male) ×5 |
| 7:20 | Create | Villager (Male) ×5 |
| 7:21 | Create | Villager (Male) |
| 7:30 | Build | Town Center |
| 8:05 | Research | Tech 1699 |
| 8:06 | Research | Town Watch |
| 8:06 | Research | Town Watch |
| 8:07 | Research | Tech 1612 |
| 8:07 | Research | Tech 1612 |
| 8:07 | Research | Tech 1612 |
| 8:08 | Research | Tech 1613 |
| 8:08 | Research | Tech 1613 |
| 8:09 | Create | Villager (Male) ×5 |
| 8:10 | Create | Villager (Male) ×5 |
| 8:10 | Create | Villager (Male) ×5 |
| 8:11 | Create | Villager (Male) ×5 |
| 8:17 | Research | Coinage |
| 8:24 | Create | Villager (Male) ×4 |
| 8:24 | Create | Villager (Male) ×4 |
| 8:45 | Build | Town Center |
| 9:28 | Create | Villager (Male) ×5 |
| 9:28 | Create | Villager (Male) ×5 |
| 9:28 | Create | Villager (Male) ×5 |
| 9:29 | Create | Villager (Male) ×5 |
| 9:52 | Build | Monastery |
| 10:50 | Create | Villager (Male) ×5 |
| 10:50 | Create | Villager (Male) ×5 |
| 10:51 | Create | Villager (Male) ×5 |
| 11:01 | Build | Siege Workshop |
| 11:24 | Research | Imperial Age |
| 11:35 | Build | Settlement |
| 11:45 | Create | Mangonel |
| 11:45 | Create | Mangonel |
| 11:45 | Create | Mangonel |
| 11:46 | Create | Mangonel |
| 11:46 | Create | Mangonel |
| 11:58 | Build | University |
| 12:28 | Research | Treadmill Crane |
| 12:28 | Research | Treadmill Crane |
| 12:32 | Research | Tech 1651 |
| 12:32 | Research | Tech 1651 |
| 12:35 | Research | Tech 1652 |
| 12:35 | Research | Tech 1652 |
| 12:40 | Age | Imperial Age |
| 12:43 | Research | Onager (upgrade) |
| 12:48 | Research | Tech 1705 |
| 12:49 | Research | Tech 1706 |
| 13:21 | Build | Settlement |
| 13:53 | Build | Feitoria |
| 14:13 | Build | Settlement |
| 14:24 | Build | Feitoria |
| 14:39 | Research | Gold Mining |
| 14:39 | Research | Gold Mining |
| 14:40 | Research | Tech 1653 |
| 14:40 | Research | Tech 1653 |
| 14:40 | Research | Tech 1654 |
| 14:41 | Research | Tech 1654 |
| 14:48 | Build | Castle |
| 14:54 | Build | Settlement |
| 14:57 | Research | Siege Engineers |
| 14:57 | Research | Siege Engineers |
| 14:57 | Research | Tech 1743 |
| 14:58 | Research | Tech 1743 |
| 15:03 | Research | Tech 1744 |
| 15:14 | Build | Feitoria |
| 15:48 | Research | Elite Kamayuk (upgrade) |
| 15:50 | Research | Conscription |
| 15:50 | Research | Conscription |
| 15:51 | Research | Tech 1733 |
| 15:51 | Research | Tech 1733 |
| 15:52 | Research | Tech 1734 |
| 15:52 | Research | Tech 1734 |
| 15:53 | Research | Fabric Shields |
| 15:54 | Research | Fabric Shields |
| 15:59 | Research | Gold Shaft Mining |
| 15:59 | Research | Gold Shaft Mining |
| 16:00 | Research | Tech 1677 |
| 16:00 | Research | Tech 1677 |
| 16:00 | Research | Tech 1678 |
| 16:13 | Build | Feitoria |
| 16:20 | Research | Guilds |
| 16:30 | Create | Mangonel ×5 |
| 16:30 | Create | Mangonel ×5 |
| 16:33 | Research | Tech 1798 |
| 16:36 | Research | Tech 1799 |
| 16:41 | Build | Barracks |
| 17:06 | Build | Castle |
| 17:16 | Create | Kamayuk ×5 |
| 17:16 | Create | Kamayuk ×5 |
| 17:17 | Create | Kamayuk ×5 |
| 17:20 | Research | Tech 1858 |
| 17:20 | Research | Squires |
| 17:20 | Research | Arson |
| 17:21 | Research | Tech 1859 |
| 17:21 | Research | Tech 1701 |
| 17:21 | Research | Tech 1721 |
| 17:24 | Research | Tech 1702 |
| 17:24 | Research | Tech 1722 |
| 17:31 | Create | Kamayuk ×5 |
| 17:31 | Create | Kamayuk ×5 |
| 17:31 | Create | Kamayuk ×3 |
| 17:35 | Build | Blacksmith |
| 17:36 | Build | Blacksmith |
| 17:50 | Research | Forging |
| 17:51 | Research | Scale Mail Armor |
| 17:51 | Research | Tech 1661 |
| 17:52 | Research | Tech 1663 |
| 17:52 | Research | Tech 1662 |
| 17:53 | Research | Tech 1664 |
| 18:01 | Research | Iron Casting |
| 18:01 | Research | Chain Mail Armor |
Match timeline
| 0:01 | gmc inspector · resign |
| 2:32 | Skawawa · age_up feudal |
| 2:33 | tonkatumura · age_up feudal |
| 2:39 | oklema · age_up feudal |
| 2:57 | kfcman5566 · age_up feudal |
| 3:29 | kfcman5566 · first_market_sell 500 food |
| 4:03 | tonkatumura · first_market_sell 500 wood |
| 4:09 | [CSGS]Runescape · age_up feudal |
| 4:20 | Officer i cant breath · age_up feudal |
| 4:34 | oklema · first_market_sell 100 stone |
| 4:39 | oklema · first_market_buy 100 food |
| 4:49 | oklema · age_up castle |
| 4:50 | [CSGS]Runescape · first_market_sell 500 wood |
| 5:15 | oklema · first_building Siege Workshop |
| 5:51 | oklema · first_building Monastery |
| 6:05 | kfcman5566 · age_up castle |
| 6:38 | tonkatumura · age_up castle |
| 6:56 | Officer i cant breath · first_market_sell 100 wood |
| 7:31 | oklema · age_up imperial |
| 7:34 | Officer i cant breath · first_market_buy 500 stone |
| 8:10 | Skawawa · age_up castle |
| 8:18 | Officer i cant breath · age_up castle |
| 8:38 | kfcman5566 · first_building Siege Workshop |
| 8:45 | kfcman5566 · first_building Monastery |
| 9:09 | tonkatumura · tribute_sent a jugador 1 |
| 9:09 | tonkatumura · tribute_sent a jugador 2 |
| 9:09 | tonkatumura · tribute_sent a jugador 3 |
| 9:09 | tonkatumura · tribute_sent a jugador 4 |
| 9:09 | tonkatumura · tribute_sent a jugador 5 |
| 9:09 | tonkatumura · tribute_sent a jugador 6 |
| 9:09 | tonkatumura · tribute_sent a jugador 7 |
| 9:14 | Officer i cant breath · first_building Siege Workshop |
| 9:35 | Skawawa · first_building Monastery |
| 9:47 | Officer i cant breath · first_building Monastery |
| 9:52 | tonkatumura · first_building Monastery |
| 10:24 | [CSGS]Runescape · age_up castle |
| 10:40 | kfcman5566 · age_up imperial |
| 11:01 | tonkatumura · first_building Siege Workshop |
| 11:19 | [CSGS]Runescape · first_building Castle |
| 11:20 | Officer i cant breath · age_up imperial |
| 11:28 | Skawawa · first_building Siege Workshop |
| 11:41 | Skawawa · age_up imperial |
| 12:28 | Skawawa · first_market_sell 100 stone |
| 12:40 | tonkatumura · age_up imperial |
| 13:05 | Skawawa · first_market_buy 100 food |
| 13:35 | [CSGS]Runescape · age_up imperial |
| 13:42 | tonkatumura · first_market_buy 100 stone |
| 14:22 | [CSGS]Runescape · tribute_sent a jugador 1 |
| 14:22 | [CSGS]Runescape · tribute_sent a jugador 2 |
| 14:22 | [CSGS]Runescape · tribute_sent a jugador 3 |
| 14:22 | [CSGS]Runescape · tribute_sent a jugador 5 |
| 14:22 | [CSGS]Runescape · tribute_sent a jugador 6 |
| 14:22 | [CSGS]Runescape · tribute_sent a jugador 7 |
| 14:22 | [CSGS]Runescape · tribute_sent a jugador 8 |
| 14:29 | [CSGS]Runescape · first_market_buy 100 stone |
| 14:36 | Officer i cant breath · first_building Castle |
| 14:48 | tonkatumura · first_building Castle |
| 15:51 | Skawawa · first_building Castle |
| 16:41 | tonkatumura · first_building Barracks |
| 19:06 | kfcman5566 · first_building Castle |
| 19:20 | oklema · first_building Castle |
| 19:30 | [CSGS]Runescape · first_building Barracks |
| 20:08 | [CSGS]Runescape · first_building Stable |
| 21:16 | oklema · first_building Donjon |
| 22:00 | [CSGS]Runescape · first_building Donjon |
[ AI ANALYSIS · 1 CREDIT ]
What really happened in this match?
Wolo.gg analyzes every decision: build order, eco, micro, common mistakes by bracket. Personalized analysis on WhatsApp or Discord in 30 seconds.
Civ guide
Hindustanis
Perfil
Jugador #2430977